 Dungeon Crawl Stone Soup version 0.29.1-15-g9cfb28693d (webtiles) character file.

Game seed: 10529859501547840273

12250 sargonster the Spear-Bearer (level 11, -17/102 HPs)
             Began as a Hill Orc Berserker on Apr 8, 2023.
             Was a Priest of Trog.
             Demolished by a naga warrior
             ... wielding a +0 short sword
              (19 damage)
             ... on level 1 of the Snake Pit.
             The game lasted 01:24:26 (9875 turns).

sargonster the Spear-Bearer (Hill Orc Berserker)    Turns: 9875, Time: 01:24:27

Health: -17/102    AC: 18    Str: 19    XL:     11   Next: 90%
Magic:  9/9        EV:  6    Int: 11    God:    Trog [***...]
Gold:   170        SH:  0    Dex:  9    Spells: 10/10 levels left

rFire   . . .      SeeInvis .   v - +9 spear of Wounding {speed, rC+ rN+ Str-5}
rCold   + + .      Faith    .   (no shield)
rNeg    + . .      Spirit   .   A - +3 chain mail {rC+}
rPois   .          Reflect  .   h - +0 helmet
rElec   .          Harm     .   w - +1 cloak
rCorr   .          Rampage  .   (no gloves)
Will    ++...      Clarity  +   (no boots)
Stlth   ..........              (no amulet)
HPRegen 1.27/turn               (no ring)
MPRegen 0.11/turn               (no ring)

@: lethally poisoned (-17 -> -23), strong-willed, on berserk cooldown,
regenerating, slowed, constricted, unable to drink, very slow
A: clarity, clever 1, low MP 1, inability to drink after injury 1
a: Renounce Religion, Berserk, Trog's Hand


You were on level 1 of the Snake Pit.
You worshipped Trog.
Trog was most pleased with you.
You visited 3 branches of the dungeon, and saw 12 of its levels.
You also visited: Sewer.

You collected 498 gold pieces.
You spent 328 gold pieces at shops.

Inventory:

Hand Weapons
 a - a +1 hand axe
 d - a +0 long sword
 o - a +3 dagger of distortion
 v - the +9 spear of Wounding (weapon) {speed, rC+ rN+ Str-5}
   (You found it on level 4 of the Dungeon)

   Attacks with this weapon are significantly faster.
   Str:       It affects your strength (-5).
   rC:        It protects you from cold.
   rN:        It protects you from negative energy.
 x - a +1 whip of distortion
 y - a +2 mace of protection
Missiles
 j - 5 curare-tipped darts
 k - 11 boomerangs
 s - 2 silver javelins
 t - 5 javelins (quivered)
 D - 3 poisoned darts
Armour
 h - a +0 helmet (worn)
 u - a +0 plate armour
 w - a +1 cloak (worn)
 A - a +3 chain mail of cold resistance (worn)
Jewellery
 c - a ring of wizardry
Wands
 b - a wand of charming (10)
 m - a wand of polymorph (8)
Scrolls
 e - 3 scrolls of magic mapping
 g - 8 scrolls of identify
 i - 3 scrolls of blinking
 q - 4 scrolls of fog
 r - 4 scrolls of teleportation
Potions
 f - 4 potions of heal wounds
 l - a potion of haste
 n - 2 potions of flight
 p - 4 potions of curing
 z - 3 potions of berserk rage
 B - a potion of ambrosia


   Skills:
 * Level 11.2 Fighting
 - Level 6.2(11.8) Axes
 - Level 2.2(4.0) Maces & Flails
 * Level 13.0(13.4) Polearms
 + Level 10.3 Armour
 + Level 3.9 Dodging
 + Level 1.7 Stealth
 + Level 0.1 Evocations


You had 10 spell levels left.
You didn't know any spells.
Your spell library was empty.

Dungeon Overview and Level Annotations

Branches:
Dungeon (9/15)             Temple (0/1) D:5            Lair (2/5) D:9
  Snake (1/4) Lair:2        Sewer (visited)
  Swamp: Lair:2-3    Shoals: Lair:2-3       Orc: D:9-12

Altars:
Cheibriados
Gozag
Hepliaklqana
Okawaru
Qazlal
Yredelemnul
The Shining One

Shops:
D:4 [   D:5 (?   D:6 *?*=


Innate Abilities, Weirdness & Mutations

You possess an exceptional clarity of mind.
Your mind is acute. (Int +4, Str/Dex -1)
Your magical capacity is low. (-10% MP)
You occasionally lose the ability to drink potions when taking damage.


Message History

You hit the salamander.
The salamander is lightly wounded.
You puncture the salamander!
The salamander is moderately wounded.
You puncture the salamander!
The salamander is moderately wounded.
The salamander hits you with a +0 glaive!
You are engulfed in flames!
* * * LOW HITPOINT WARNING * * *
You impale the salamander!!
The salamander is severely wounded.
The naga barely misses you. The naga hits you with a +0 glaive.
* * * LOW HITPOINT WARNING * * *
The naga constricts you.
* * * LOW HITPOINT WARNING * * *
The naga warrior spits poison at you.
The splash of poison hits you but does no damage.
You are poisoned.
The guardian serpent coils itself and waves its upper body at you.
The bolt of poison hits you!!
You are more poisoned.
You feel threatened and lose the ability to drink potions!
* * * LOW HITPOINT WARNING * * *
The bolt of poison hits the naga.
You are too berserk!
You escape the naga's grasp.
* * * LOW HITPOINT WARNING * * *
You feel very sick.
The salamander hits you but does no damage.
You closely miss the naga warrior.
You are no longer berserk.
You are exhausted.
You feel yourself slow down.
* * * LOW HITPOINT WARNING * * *
You feel sick.
The salamander hits you but does no damage.
The naga closely misses you. The naga grabs you. The naga constricts you.
* * * LOW HITPOINT WARNING * * *
The naga warrior hits you with a +0 short sword!!
You die...

#.......#
#..._...#
#....!...#
.#......##
....$....
####.....#
........<#
####...NN#
......N.@#
...#..SNN#
# #.....#
........#
#####.###
.. ###


You could see a naga warrior (catching breath), 2 salamanders, a guardian
serpent and 2 nagas.

Vanquished Creatures
  A catoblepas (Lair:2)
  An anaconda (Snake:1)
  Nergalle (Lair:1)
  2 black mambas (Lair:1)
  A torpor snail (Lair:2)
  4 cane toads
  Maggie (D:7)
  Psyche (D:8)
  4 komodo dragons
  A hornet (D:9)
  5 blink frogs (Lair:1)
  A wraith (D:9)
  3 wyverns
  10 yaks
  2 basilisks
  2 steam dragons
  2 nagas (Lair:2)
  6 water moccasins
  An orc warrior (D:8)
  2 ice beasts
  3 black bears
  An ogre (D:5)
  3 phantoms (D:5)
  5 bullfrogs
  A necrophage (D:7)
  3 scorpions
  A wight (D:6)
  5 killer bees (D:7)
  3 howler monkeys (D:9)
  4 hounds
  2 orc priests (D:5)
  2 jellies (D:5)
  4 iguanas
  2 orc wizards
  A hell rat (Sewer)
  6 adders
  A gnoll (D:1)
  2 river rats (Sewer)
  A white imp (D:5)
  3 ufetubi
  2 worms
  4 dart slugs
  16 orcs
  6 ball pythons
  7 endoplasms
  A giant cockroach (D:1)
  7 goblins
  5 hobgoblins
  4 jackals (D:2)
  A quokka (D:1)
  5 bats
  5 kobolds
  10 rats
  A spectral goblin (D:3)
178 creatures vanquished.

Vanquished Creatures (collateral kills)
  A worm (D:2)
1 creature vanquished.

Vanquished Creatures (others)
  A fungus (Lair:2)
  2 plants (Lair:1)
3 creatures vanquished.

Grand Total: 182 creatures vanquished

Notes
Turn   | Place    | Note
-------+----------+-------------------------------------------
     0 | D:1      | sargonster the Hill Orc Berserker began the quest for the
                  | Orb.
     0 | D:1      | Reached XP level 1. HP: 19/19 MP: 1/1
   432 | D:1      | Reached XP level 2. HP: 9/27 MP: 2/2
   845 | D:1      | Reached XP level 3. HP: 33/33 MP: 3/3
  1413 | D:2      | Reached skill level 5 in Axes
  1477 | D:2      | Reached XP level 4. HP: 29/41 MP: 4/4
  1718 | D:2      | Reached ** piety under Trog
  2001 | D:2      | Found a faded altar of an unknown god.
  2084 | D:3      | Found an opulent altar of Gozag.
  2229 | D:3      | Reached XP level 5. HP: 46/47 MP: 5/5
  2242 | D:3      | Found a hazy altar of Hepliaklqana.
  2286 | D:4      | Found a snail-covered altar of Cheibriados.
  2581 | D:4      | Identified the +9 spear of Wounding {speed, rC+ rN+ Str-5}
  2743 | D:4      | Found Ilant's Antique Armour Emporium.
  2841 | D:5      | Entered Level 5 of the Dungeon
  2841 | D:5      | Noticed a phantom
  2841 | D:5      | Noticed an ogre
  2847 | D:5      | Reached skill level 1 in Polearms
  2847 | D:5      | Reached XP level 6. HP: 55/55 MP: 6/6
  2854 | D:5      | Reached skill level 5 in Fighting
  2854 | D:5      | Reached skill level 2 in Polearms
  2940 | D:4      | Bought a glowing chain mail for 195 gold pieces
  3052 | D:5      | Reached skill level 3 in Polearms
  3052 | D:5      | Reached XP level 7. HP: 48/61 MP: 7/7
  3096 | D:5      | Reached skill level 4 in Polearms
  3102 | D:5      | Found a staircase to the Ecumenical Temple.
  3562 | D:5      | Reached skill level 5 in Polearms
  3562 | D:5      | Reached XP level 8. HP: 67/70 MP: 8/8
  3596 | D:5      | Found Kueso's Weapon Shop.
  3686 | D:5      | Found Wasuziew's Magic Scroll Boutique.
  3699 | D:5      | Bought a scroll of identify for 22 gold pieces
  3699 | D:5      | Bought a scroll of identify for 22 gold pieces
  3841 | D:5      | Reached skill level 5 in Armour
  4075 | D:5      | Bought a scroll of identify for 22 gold pieces
  4131 | D:6      | Reached skill level 6 in Polearms
  4157 | D:6      | Reached *** piety under Trog
  4158 | D:6      | Found Nave Dint's Jewellery Shoppe.
  4176 | D:6      | Found an iron altar of Okawaru.
  4229 | D:6      | Found Vonagim's Assorted Antiques.
  4263 | D:6      | Found Haonerpheu's Magic Scroll Emporium.
  4409 | D:6      | Found a glowing drain.
  4448 | Sewer    | Entered a sewer
  4496 | Sewer    | Reached skill level 7 in Polearms
  4610 | D:6      | Found Medod's General Store.
  4773 | D:7      | Reached XP level 9. HP: 74/78 MP: 9/9
  4781 | D:7      | Gained mutation: You occasionally lose the ability to drink
                  | potions when taking damage. [potion of mutation]
  4781 | D:7      | Gained mutation: Your magical capacity is low. (-10% MP)
                  | [potion of mutation]
  4781 | D:7      | Gained mutation: You possess an exceptional clarity of
                  | mind. [potion of mutation]
  4781 | D:7      | Gained mutation: Your mind is acute. (Int +4, Str/Dex -1)
                  | [potion of mutation]
  4863 | D:6      | Bought a +0 helmet for 67 gold pieces
  5060 | D:7      | Reached skill level 8 in Polearms
  5205 | D:7      | Reached skill level 1 in Stealth
  5474 | D:7      | Noticed Maggie
  5489 | D:7      | Killed Maggie
  5490 | D:7      | Reached skill level 9 in Polearms
  5497 | D:7      | Found a basalt altar of Yredelemnul.
  5841 | D:8      | Noticed Psyche
  5849 | D:8      | Killed Psyche
  5867 | D:8      | Found a glowing golden altar of the Shining One.
  6033 | D:9      | Noticed a hornet
  6037 | D:9      | Paralysed by a hornet for 2 turns
  6045 | D:9      | Killed a hornet
  6046 | D:9      | Reached skill level 10 in Polearms
  6052 | D:9      | HP: 4/81 [steam dragon] (3)]
  6059 | D:9      | Reached XP level 10. HP: 7/88 MP: 9/9
  6556 | D:9      | Found a staircase to the Lair.
  6572 | D:9      | Reached skill level 11 in Polearms
  6597 | Lair:1   | Entered Level 1 of the Lair of Beasts
  6630 | Lair:1   | Noticed a black mamba
  6652 | Lair:1   | Killed a black mamba
  6942 | Lair:1   | Noticed Nergalle
  6942 | Lair:1   | Noticed a cane toad
  6956 | Lair:1   | Killed Nergalle
  6957 | Lair:1   | Reached skill level 1 in Maces & Flails
  6962 | Lair:1   | Killed a cane toad
  7077 | Lair:1   | Reached XP level 11. HP: 99/99 MP: 9/9
  7108 | Lair:1   | Reached skill level 10 in Fighting
  7108 | Lair:1   | Reached skill level 12 in Polearms
  8531 | Lair:2   | Noticed a catoblepas
  8566 | Lair:2   | HP: 3/101 [something/blast of calcifying dust (7)]
  9013 | Lair:2   | Killed a catoblepas
  9488 | Lair:2   | Reached skill level 10 in Armour
  9511 | Lair:2   | Found a staircase to the Snake Pit.
  9854 | Snake:1  | Entered Level 1 of the Snake Pit
  9854 | Snake:1  | Noticed an anaconda
  9854 | Snake:1  | Noticed a salamander
  9854 | Snake:1  | Noticed a salamander
  9854 | Snake:1  | Found a stormy altar of Qazlal.
  9861 | Snake:1  | Noticed a naga warrior
  9868 | Snake:1  | Killed an anaconda
  9869 | Snake:1  | Reached skill level 13 in Polearms
  9874 | Snake:1  | HP: 7/153 [poisoned by a guardian serpent (bolt of poison)]
  9875 | Snake:1  | HP: 2/102 [constriction (2)]
  9875 | Snake:1  | Demolished by a naga warrior

Illustrated notes

Levels and vault maps discovered:
D:1:      amcnicky_arrival_single_pillar, layout_loops_ring,
          minmay_misc_feat_ornament, grunt_decor_mini_mirrors
D:2:      layout_loops_ring, basic_ecumenical_altar, dreamdust_princess_bridge
D:3:      layout_rooms, nicolae_hepliaklqana_monster_ancestors,
          mainiacjoe_overflow_catwalk, serial_rivers,
          chequers_serial_rivers_micro_b, chequers_serial_rivers_large_b,
          chequers_serial_rivers_micro_b, chequers_serial_rivers_micro_c,
          chequers_serial_rivers_large_a
D:4:      layout_basic, mainiacjoe_overflow_cross_hatched, serial_shops,
          nicolae_shop_trees, minmay_fractal_squares_gapless_5
D:5:      layout_layer_cave, minmay_temple_entry_mini_moons, serial_shops,
          nicolae_shop_advertising_works [nicolae_subvault_shop_adworks],
          nicolae_stop_n_shop_1
D:6:      layout_rooms, kennysheep_little_box, cheibrodos_sewer_entry_bend,
          serial_shops, shop_fountains, nicolae_diamond_shop,
          nicolae_inconvenience_store, shop, st_stairs_8,
          kennysheep_generic_room_11
D:7:      layout_loops_corners, mainiacjoe_overflow_brackets, uniq_maggie
D:8:      layout_basic, grunt_temple_overflow_open,
          mainiacjoe_overflow_tiny_flanked, nicolae_overflow_quartered_altars,
          mainiacjoe_overflow_chevrons, uniq_psyche, uniq_amaemon
D:9:      layout_irregular_city, mainiacjoe_overflow_alcove_2,
          david_lair_generic, hangedman_abyss_or_decor_passed
Lair:1:   layout_small_grid, grunt_megastairs_4, uniq_nergalle
Lair:2:   layout_hall_layers, guppyfry_snake_entry_island
Snake:1:  hangedman_cross_veins, layout_basic, basic_altar, serial_shops,
          nicolae_diamond_shop, uniq_aizul

Skill      XL: |  1  2  3  4  5  6  7  8  9 10 11 |
---------------+----------------------------------+-----
Fighting       | 4 5 6 8 9 11 | 11.2
Axes           | 5 6 |  6.2
Dodging        | 2 3 |  3.9
Armour         | 3 4 6 8 10 | 10.3
Polearms       | 1 3 5 7 10 11 13 | 13.0
Stealth        | 1 |  1.7
Maces & Flails | 2 |  2.2
Evocations     | |  0.1

Action                   |  1- 3 |  4- 6 |  7- 9 | 10-12 || total
-------------------------+-------+-------+-------+-------++-------
Melee: Hand axe          |    91 |    68 |       |       ||   159
       Punch             |     1 |       |     5 |     5 ||    11
       Spear             |       |    21 |   256 |   332 ||   609
       Mace              |       |       |       |     3 ||     3
Throw: Javelin           |       |       |       |     2 ||     2
Invok: Berserk           |     1 |     3 |     6 |     8 ||    18
       Trog's Hand       |       |       |     3 |     5 ||     8
Evoke: Wand              |       |       |     1 |       ||     1
  Use: Scroll            |     4 |     4 |     6 |     4 ||    18
       Potion            |     2 |       |     7 |     4 ||    13
Armor: Animal skin       |    26 |     1 |       |       ||    27
       Scale mail        |       |    33 |       |       ||    33
       Chain mail        |       |     2 |   105 |    98 ||   205
Dodge: Dodged            |    74 |    55 |    64 |    59 ||   252
